 Dungeon Crawl Stone Soup version 0.31-a0-656-gb4d89c20fa (webtiles) character file.

Game seed: 8868060713388638103

1769267 Xenophilius the Acrobat (level 27, 194/201 HPs)
             Began as a Merfolk Delver on Aug 30, 2023.
             Was the Champion of Nemelex Xobeh.
             Escaped with the Orb
             ... and 4 runes on Aug 31, 2023!
             The game lasted 12:23:36 (117042 turns).

Xenophilius the Acrobat (Merfolk Delver)          Turns: 117042, Time: 12:23:36

Health: 194/201    AC: 21    Str: 17    XL:     27
Magic:  29/29      EV: 45    Int: 15    God:    Nemelex Xobeh [******]
Gold:   4709       SH: 33    Dex: 34    Spells: 7/46 levels left

rFire   + + .        a - +9 double sword (freeze)
rCold   + + +        V - +7 tower shield "Jerphun" {*Slow rElec rPois Str+3}
rNeg    . . .        t - +5 robe of Night {Dark Will+ SInv}
rPois   +            c - +0 helmet "Agruf" {Dex+3 Stlth+}
rElec   +            H - scarf {repulsion}
rCorr   .            m - +2 pair of gloves
SInv    +            B - +3 pair of mountain boots {steadfast, rC+}
Will    ++++.        I - amulet "Zyqenem" {Spirit rF++ Int-3 Dex+8 Stlth-}
Stlth   +++          U - ring "Huevval" {rPois rC+ AC+4 Int+4, =R}
HPRegen 0.53/turn    y - ring "Wauxifam" {+Blink rPois rC+ Slay+3}
MPRegen 0.21/turn

%: slow self (1%), repel missiles, clarity, guardian spirit
@: studying Ranged Weapons
A: (nimble swimmer 2), mertail, clarity, frail 1, low MP 2, strong-willed 1,
poison resistance, shaggy fur 1
0: Orb of Zot
}: 4/15 runes: serpentine, barnacled, slimy, silver
a: Renounce Religion, Evoke Blink, Draw Escape, Draw Destruction, Draw
Summoning, Draw Stack, Triple Draw, Deal Four, Stack Five


You escaped.
You worshipped Nemelex Xobeh.
Nemelex Xobeh was exalted by your worship.
You visited 10 branches of the dungeon, and saw 52 of its levels.
You visited 1 bazaar.
You also visited: Trove, Gauntlet, Ice Cave, Wizlab and Desolation.

You collected 8534 gold pieces.
You spent 3825 gold pieces at shops.

Inventory:

Hand Weapons
 a - a +9 double sword of freezing (weapon)
 b - a +1 dagger of venom
 s - the +9 double sword of the Kissing Vulture {pain, Dex+4}
   (You found it on level 5 of the Vaults)

   Dex+4:     It affects your dexterity (+4).
Missiles
 q - 61 poisoned darts
 K - 8 throwing nets
 R - 23 curare-tipped darts (quivered)
Armour
 c - the +0 helmet "Agruf" (worn) {Dex+3 Stlth+}
   (You found it in a Gauntlet)

   Dex+3:     It affects your dexterity (+3).
   Stlth+:    It makes you more stealthy.
 m - a +2 pair of gloves (worn)
 t - the +5 robe of Night (worn) {Dark Will+ SInv}
   (You took it off a wizard on level 3 of the Depths)

   Dark:      It shrouds the wearer in darkness, reducing the range at which
   they can see and be seen by others.
   Will+:     It increases your willpower.
   SInv:      It lets you see invisible.
 B - the +3 pair of mountain boots (worn) {steadfast, rC+}
   (You bought it in a shop on level 2 of the Elven Halls)

   Steadfast: It prevents involuntary movement, except for blinking,
   teleportation, or banishment.
   rC+:       It protects you from cold.
 H - a scarf of repulsion (worn)
 V - the +7 tower shield "Jerphun" (worn) {*Slow rElec rPois Str+3}
   (You took it off Mennas on level 5 of the Vaults)

   Str+3:     It affects your strength (+3).
   rElec:     It insulates you from electricity.
   rPois:     It protects you from poison *Slow: It may slow you when you take
   damage.
Jewellery
 y - the ring "Wauxifam" (right hand) {+Blink rPois rC+ Slay+3}
   (You took it off a deep elf annihilator on level 3 of the Elven Halls)

   [ring of poison resistance]

   Slay+3:    It affects your accuracy & damage with ranged weapons and melee
   (+3).
   rC+:       It protects you from cold.
   rPois:     It protects you from poison +Blink: It lets you blink.
 I - the amulet "Zyqenem" (around neck) {Spirit rF++ Int-3 Dex+8 Stlth-}
   (You found it on level 5 of the Pits of Slime)

   [amulet of guardian spirit]

   Spirit:    It causes incoming damage to be divided between your reserves of
   health and magic.
   Int-3:     It affects your intelligence (-3).
   Dex+8:     It affects your dexterity (+8).
   rF++:      It greatly protects you from fire.
   Stlth-:    It makes you less stealthy.
 U - the ring "Huevval" (left hand) {rPois rC+ AC+4 Int+4, =R}
   (You found it on level 5 of the Pits of Slime)

   [ring of protection]

   AC+4:      It affects your AC (+4).
   Int+4:     It affects your intelligence (+4).
   rC+:       It protects you from cold.
   rPois:     It protects you from poison
 X - the ring "Qivoi" {rF+ Will+ rCorr}
   (You found it in a Gauntlet)

   [ring of protection from fire]

   rF+:       It protects you from fire.
   Will+:     It increases your willpower.
   rCorr:     It protects you from acid and corrosion.
 Y - a ring of flight
Wands
 g - a wand of digging (26)
 x - a wand of quicksilver (42)
 M - a wand of paralysis (66)
 N - a wand of iceblast (58)
 Q - a wand of mindburst (33)
Scrolls
 d - 8 scrolls of immolation
 e - 6 scrolls of fear
 l - 25 scrolls of teleportation
 o - 8 scrolls of blinking
 p - 2 scrolls of silence
 z - 5 scrolls of vulnerability
 C - 6 scrolls of poison
 E - 2 scrolls of torment
 P - a scroll of summoning
 W - 6 scrolls of fog
Potions
 f - 12 potions of heal wounds
 h - 8 potions of might
 i - 7 potions of haste
 j - 2 potions of cancellation
 k - 15 potions of enlightenment
 n - 5 potions of invisibility
 r - 34 potions of curing
 A - 4 potions of lignification
 D - a potion of ambrosia
 F - 3 potions of magic
 L - 6 potions of brilliance
 O - a potion of berserk rage
 S - 3 potions of resistance
 T - 5 potions of mutation
Miscellaneous
 u - a lightning rod (4/4)
 w - a phial of floods
 G - a phantom mirror
 Z - a tin of tremorstones (2/2)


   Skills:
 - Level 20.0 Fighting
 - Level 18.0 Long Blades
 - Level 6.0 Armour
 + Level 25.8 Dodging
 - Level 16.0 Stealth
 - Level 18.0 Shields
 - Level 10.0 Spellcasting
 - Level 13.0 Hexes
 - Level 13.0 Summonings
 - Level 10.0 Translocations
 - Level 15.0 Transmutations
 - Level 8.0 Ice Magic
 - Level 7.0 Earth Magic
 - Level 11.0 Poison Magic
 - Level 20.0 Invocations
 - Level 8.0 Evocations


You had 7 spell levels left.
You knew the following spells:

 Your Spells              Type           Power      Damage    Failure   Level
a - Wereblood             Tmut           51%        N/A       1%          2
b - Lesser Beckoning      Tloc           74%        N/A       1%          2
g - Passage of Golubria   Tloc           37%        N/A       3%          4
p - Petrify               Tmut/Erth      40%        N/A       2%          4
y - Yara's Violent Unrav  Hex/Tmut       24%        3d11      1%          5
B - Blink                 Tloc           74%        N/A       1%          2
G - Summon Guardian Gole  Hex/Summ       46%        N/A       1%          3
I - Alistair's Intoxicat  Tmut/Pois      30%        N/A       3%          5
M - Manifold Assault      Tloc           37%        N/A       3%          4
O - Ozocubu's Armour      Ice            31%        N/A       2%          3
V - Summon Mana Viper     Hex/Summ       46%        N/A       3%          5

Your spell library contained the following spells:

 Spells                   Type           Power      Damage    Failure   Level
 Apportation              Tloc           74%        N/A       1%          1
 Sting                    Tmut/Pois      100%       1d8       1%          1
 Summon Small Mammal      Summ           100%       N/A       1%          1
 Ensorcelled Hibernation  Hex/Ice        78%        N/A       1%          2
 Call Canine Familiar     Summ           46%        N/A       1%          3
 Gell's Gravitas          Tloc           37%        N/A       1%          3
 Ignite Poison            Fire/Tmut/Pois 33%        N/A       1%          3
 Portal Projectile        Hex/Tloc       84%        N/A       1%          3
 Teleport Other           Tloc           37%        N/A       1%          3
 Olgreb's Toxic Radiance  Pois           40%        N/A       2%          4
 Animate Armour           Summ/Erth      74%        N/A       3%          4
 Leda's Liquefaction      Hex/Erth       18%        N/A       3%          4
 Momentum Strike          Conj/Tloc      44%        3d9       4%          2
 Dazzling Flash           Conj/Hex       54%        N/A       4%          3
 Inner Flame              Hex/Fire       27%        N/A       4%          3
 Cigotuvi's Dreadful Rot  Necr/Pois/Air  36%        N/A       8%          2
 Volatile Blastmotes      Fire/Tloc      44%        2d13      9%          3
 Mephitic Cloud           Conj/Pois/Air  18%        N/A       16%         3
 Anguish                  Hex/Necr       13%        N/A       16%         4
 Fulminant Prism          Conj/Hex       13%        3d9       16%         4
 Summon Lightning Spire   Summ/Air       27%        N/A       16%         4
 Foxfire                  Conj/Fire      28%        2x1d5     22%         1
 Magic Dart               Conj           28%        1d4       22%         1
 Necrotise                Necr           28%        1d5       22%         1
 Shock                    Conj/Air       28%        1d4       22%         1
 Irradiate                Conj/Tmut      15%        3d16      28%         5
 Searing Ray              Conj           14%        2d5       34%         2
 Static Discharge         Conj/Air       14%        2-3/arc   34%         2
 Sublimation of Blood     Necr           7%         N/A       34%         2
 Lee's Rapid Deconstruct  Erth           14%        3d9*      34%         5
 Silence                  Hex/Air        13%        N/A       41%         5
 Dispersal                Tloc           18%        N/A       50%         6
 Vampiric Draining        Necr           7%         2d6       56%         3
 Enfeeble                 Hex            23%        N/A       67%         7
 Borgnjor's Vile Clutch   Necr/Erth      9%         N/A       83%         5
 Malign Gateway           Summ/Tloc      21%        N/A       86%         7
 Airstrike                Air            3%         2d(1-17)  92%         4
 Animate Dead             Necr           7%         N/A       92%         4
 Flame Wave               Conj/Fire      7%         2d5       92%         4
 Sticky Flame             Conj/Fire      7%         2d3       92%         4
 Agony                    Necr           7%         N/A       99%         5
 Arcjolt                  Conj/Air       3%         1d13      99%         5
 Fireball                 Conj/Fire      3%         3d4       99%         5
 Iskenderun's Battlesphe  Conj           7%         2d6       99%         5
 Conjure Ball Lightning   Conj/Air       3%         3x3d6     100%        6
 Death Channel            Necr           3%         N/A       100%        6
 Leda's Unmaking          Conj/Erth      9%         9d2       100%        6
 Plasma Beam              Fire/Air       3%         2x1d13    100%        6
 Simulacrum               Ice/Necr       9%         N/A       100%        6
 Starburst                Conj/Fire      3%         6d3       100%        6
 Haunt                    Necr/Summ      13%        N/A       100%        7
 Orb of Destruction       Conj           3%         9d5       100%        7
 Ozocubu's Refrigeration  Ice            15%        4d10      100%        7
 Spellforged Servitor     Conj/Summ      13%        N/A       100%        7
 Disjunction              Tloc           18%        N/A       100%        8
 Ignition                 Fire           3%         3d4       100%        8
 Infestation              Necr           3%         N/A       100%        8
 Lehudib's Crystal Spear  Conj/Erth      9%         10d4      100%        8
 Maxwell's Capacitive Co  Air            3%         ∞         100%        8
 Summon Horrible Things   Summ           23%        N/A       100%        8
 Chain Lightning          Conj/Air       3%         3d4       100%        9
 Fire Storm               Conj/Fire      3%         8d1       100%        9
 Polar Vortex             Ice            15%        12d2*     100%        9
 Shatter                  Erth           14%        3d14*     100%        9


Dungeon Overview and Level Annotations

Branches:
Dungeon (15/15)            Temple (0/1) D:4            Lair (5/5) D:10
 Shoals (4/4) Lair:3        Snake (4/4) Lair:3        Slime (5/5) Lair:5
    Orc (2/2) D:11            Elf (3/3) Orc:2        Vaults (5/5) D:14
  Crypt (0/3) Vaults:3     Depths (4/4) D:15            Zot (5/5) Depths:4
  IceCv (visited)          WizLab (visited)         Desolation (visited)
Gauntlet (visited)

Altars:
Cheibriados
Dithmenos
Elyvilon
Fedhas
Gozag
Hepliaklqana
Kikubaaqudgha
Nemelex Xobeh
Okawaru
Trog
Uskayaw
Vehumet
Wu Jian
Xom
Yredelemnul
Zin
The Shining One
Jiyva
Lugonu

Shops:
D:3 (   Orc:2 *[=(   Elf:2 ([:   Elf:3 ?(*(   Snake:1 *   Snake:2 =   Snake:4 (
Depths:1 =*

Portals:
Hell: Depths:1 Depths:2 Depths:3 Depths:4
Abyss: D:14 Depths:3
Pandemonium: Depths:2 Depths:4
Ziggurat: Depths:1


Innate Abilities, Weirdness & Mutations

((You are very nimble when in or above water. (Stealth+, EV+, Speed+++)))
Your lower body shifts to a powerful aquatic tail in water.
You possess an exceptional clarity of mind.
You are frail. (-10% HP)
Your magical capacity is very low. (-20% MP)
You are strong-willed. (Will+)
Your system is resistant to poisons. (rPois)
You are covered in fur. (AC +1)


Message History

You climb upwards.
There is a stone staircase leading down here.
There is a stone staircase leading up, spattered with blood here.
You climb upwards.
There is a stone staircase leading down here.
An Orb Guardian comes into view.
The Orb Guardian attacks as it pursues you!
The Orb Guardian hits you but does no damage.
The Orb Guardian attacks as it pursues you!
You block the Orb Guardian's attack.
Casting: Summon Mana Viper (mildly dangerous; 3% risk of failure)
Confirm with . or Enter, or press ? or * to list all spells.
A mana viper appears with a sibilant hiss.
You block the Orb Guardian's attack. x2
Unknown command.
You barely miss the Orb Guardian.
Your mana viper bites the Orb Guardian!
You block the Orb Guardian's attack.
You slash the Orb Guardian! You freeze the Orb Guardian.
The Orb Guardian is moderately wounded.
Your mana viper bites the Orb Guardian.
The Orb Guardian hits you!!
You hit the Orb Guardian but do no damage.
The Orb Guardian is moderately wounded.
Your mana viper bites the Orb Guardian!
You block the Orb Guardian's attack.
You slash the Orb Guardian! You freeze the Orb Guardian.
The Orb Guardian is severely wounded.
Your mana viper bites the Orb Guardian!
The Orb Guardian hits your mana viper!
You catch the helpless Orb Guardian completely off-guard!
You cut the Orb Guardian into ribbons!!!
You freeze the Orb Guardian.
You kill the Orb Guardian!
No target in view!
What level of the Dungeon? (default 1, ? - help)
There is a stone staircase leading up here.
You climb upwards.
Your summoned ally is left behind.
There is a stone staircase leading down here.
There is a staircase leading out of the dungeon here.
You start resting.
Magic restored.
A shadow demon comes into view.
You have escaped!

.....# #.#.............#.#
.....#### #....###...###....#
........# #....#......>#....#
.....##.###....#.......#....#
..)(.##.##..#2............#.#
##.####.##.##......#......#.#
##......#..##.............#.#
###.#.....##...#.......#....#
###.#.##..##...#@......#....#
.........###...###...###....#
.....##..# ##.............###
.........# #.............#
.......### ###...###...###
.....>.# ##### ##### .....###
.....# .....#


You could see a shadow demon (wandering).

Vanquished Creatures
  the Royal Jelly (Slime:5)
  5 dread liches
  4 ancient liches
  6 orbs of fire
  Mennas (Vaults:5)
  Mara (Vaults:4)
  A juggernaut (Depths:3)
  Vv (Depths:3)
  5 Killer Klowns
  The ghost of Emnejil the Slayer, a master VSBe of Trog (Zot:2)
  4 curse toes
  4 golden dragons
  7 bone dragons
  A Tzitzimitl (Depths:3)
  5 electric golems
  The ghost of Emari the Brawler, an adept TrBe of Trog (Snake:1)
  17 tentacled monstrosities
  The ghost of Zeis the Executioner, an adept HOFi of Okawaru (Shoals:2)
  25 Orb Guardians
  3 liches
  A deep elf blademaster (Elf:3)
  A titan (Vaults:5)
  10 acid blobs
  2 deep elf master archers (Elf:3)
  5 quicksilver dragons
  4 sphinxes
  6 death cobs
  A kraken (Shoals:1)
  Kirke (Shoals:3)
  15 storm dragons
  Roxanne (Snake:3)
  5 tengu reavers
  Aizul (Vaults:4)
  10 shadow dragons
  5 rockslimes (Slime:5)
  14 nagarajas
  5 azure jellies
  9 fire giants
  4 draconian monks
  3 draconian knights
  14 vault wardens
  An iron dragon (Vaults:5)
  9 frost giants
  7 deep elf sorcerers
  2 ghost moths
  An emperor scorpion (Snake:4)
  7 draconian scorchers
  4 draconian shifters
  3 curse skulls (Zot:1)
  5 imperial myrmidons (Desolation)
  A draconian stormcaller (Zot:5)
  6 deep elf elementalists (Elf:3)
  3 spriggan defenders
  A juggernaut skeleton (Depths:1)
  15 ironbound preservers
  An orc warlord (D:13)
  7 war gargoyles
  8 formless jellyfish
  2 reapers
  9 very ugly things
  A broodmother (shapeshifter) (D:10)
  17 stone giants
  9 draconian annihilators
  3 vampire knights (Depths:3)
  10 ironbound thunderhulks
  7 quicksilver oozes
  12 dire elephants
  10 black draconians
  5 deep elf demonologists
  5 purple draconians
  A bunyip (Vaults:2)
  10 green draconians
  2 halazid warlocks (Desolation)
  The ghost of heinrich the Brawler, a journeyman TrFi of Ru (D:12)
  2 minotaurs (Shoals:4)
  6 deep elf annihilators
  15 yellow draconians
  5 red draconians
  5 spark wasps
  14 white draconians
  2 crystal guardians
  10 merfolk impalers
  A merfolk javelineer (Shoals:2)
  10 ettins
  5 jiangshi
  Josephine (D:15)
  3 entropy weavers
  4 fire dragons
  7 yaktaur captains
  A ragged hierophant (Desolation)
  7 deep elf death magi
  25 vault guards
  5 rakshasas
  4 deep elf high priests
  9 great orbs of eyes
  11 peacekeepers
  A great orb of eyes (shapeshifter) (Depths:3)
  3 hydras
  6 ice dragons
  5 spriggan air magi
  6 salamander tyrants
  3 servants of whispers (Desolation)
  3 alligator snapping turtles
  4 ironbound frosthearts
  4 catoblepae
  A radroach (shapeshifter) (Vaults:5)
  2 anacondas (Snake:3)
  9 boulder beetles
  A death knight (D:15)
  15 satyrs (Shoals:4)
  6 merfolk aquamancers
  2 ogre magi
  4 two-headed ogres
  9 naga warriors
  A titan zombie (Depths:2)
  6 tengu warriors
  A demonic crawler (D:6)
  11 centaur warriors
  A hell hog (Depths:2)
  8 death yaks
  9 deep troll earth magi
  An orc high priest (Orc:2)
  5 spriggan berserkers
  3 vampire magi
  35 dancing weapons
  8 deep troll shamans
  20 naga sharpshooters
  5 shock serpents
  Urug (Orc:1)
  A soul eater (Depths:2)
  10 hell knights
  9 skysharks
  6 shadow wraiths (Depths:3)
  14 deep elf knights
  A sun demon (Depths:2)
  6 salamander mystics
  A deep troll (shapeshifter) (Depths:3)
  Amaemon (Lair:2)
  3 iron trolls (Depths:1)
  4 glowing orange brains
  9 sea snakes
  3 flayed ghosts
  A spriggan druid (Elf:3)
  A spectral anaconda (Lair:5)
  An orb spider (shapeshifter) (D:15)
  42 deep trolls
  18 deep elf archers
  5 naga ritualists
  12 wizards
  An obsidian statue (Lair:5)
  A steelbarb worm (Depths:4)
  6 orc knights
  12 ironbound convokers
  3 shadow demons (Depths:3)
  18 necromancers
  3 lindwurms (Vaults:1)
  A harpy (shapeshifter) (Vaults:1)
  23 deep elf pyromancers
  A cyclops (shapeshifter) (Vaults:5)
  3 phantasmal warriors (Vaults:5)
  23 deep elf zephyrmancers
  A golden dragon skeleton (Depths:1)
  A shadow dragon skeleton (Depths:1)
  9 mana vipers
  12 harpies
  38 ugly things
  A salamander (shapeshifter) (Vaults:5)
  An orc sorcerer (Orc:1)
  A wolf spider (D:15)
  A shining eye (Slime:5)
  A wolf spider (shapeshifter) (Depths:3)
  18 fauns
  A stone giant zombie (Vaults:4)
  31 moths of wrath
  15 manticores
  12 cyclopes
  24 salamanders
  32 elephants
  5 guardian serpents
  2 toenail golems
  11 merfolk sirens
  6 water nymphs
  15 naga magi
  4 eyes of devastation
  9 gargoyles
  36 black mambas
  A molten gargoyle (Desolation)
  12 vault sentinels
  An orange demon (Depths:4)
  7 rime drakes
  2 ice statues (IceCv)
  A dire elephant skeleton (Lair:5)
  11 cane toads
  An unseen horror (D:7)
  An efreet (D:14)
  A tormentor (Depths:4)
  6 komodo dragons
  19 yaktaurs
  8 ice devils
  8 tengu conjurers
  A yaktaur (shapeshifter) (D:10)
  A freezing wraith (IceCv)
  21 merfolk
  2 trolls
  2 trolls (shapeshifter)
  3 hornets
  Prince Ribbit (D:9)
  7 polar bears
  A wind drake (shapeshifter) (Depths:3)
  44 saltlings (Desolation)
  A tyrant leech (Zot:3)
  5 wind drakes
  A blink frog (Lair:4)
  4 dream sheep (Shoals:4)
  A spectral elephant (Lair:5)
  3 snapping turtles
  A jumping spider (Vaults:4)
  90 slime creatures
  3 air elementals
  2 shadows
  An ettin skeleton (Depths:1)
  5 vampires
  3 spriggans
  9 water elementals
  4 fire elementals
  7 wraiths
  2 centaur simulacra (Gauntlet)
  A dire elephant simulacrum (IceCv)
  47 yaks
  5 wyverns
  A culicivora (Orc:2)
  3 hogs (Shoals:3)
  6 basilisks
  2 steam dragons
  A chaos spawn (Depths:4)
  16 golden eyes (Zot:1)
  2 redbacks (Vaults:4)
  A death yak simulacrum (Lair:5)
  A human simulacrum (Vaults:4)
  10 vampire mosquitoes
  44 nagas
  2 wargs (Orc:1)
  2 harpy simulacra (IceCv)
  A swamp worm (Orc:2)
  2 acid dragons
  5 large abominations (Elf:1)
  11 water moccasins
  2 floating eyes
  9 nameless horrors
  A hydra simulacrum (IceCv)
  7 black bears
  13 orc warriors
  4 sky beasts
  An ice beast (D:5)
  10 wolves
  16 centaurs
  4 ogres
  3 phantoms
  2 kobold brigands
  3 elf zombies (Elf:1)
  Blork the orc (D:6)
  3 scorpions
  13 bullfrogs
  2 two-headed ogre simulacra (IceCv)
  2 earth elementals (WizLab)
  2 cane toad simulacra (IceCv)
  A hornet simulacrum (Gauntlet)
  4 wights
  3 killer bees (D:11)
  An elephant simulacrum (Lair:5)
  A howler monkey (D:4)
  2 electric eels (Lair:3)
  6 hounds
  3 jellies (Lair:5)
  12 orc priests
  2 gnoll boudas
  A sleepcap (D:5)
  Ijyb (D:5)
  Terence (D:2)
  3 iguanas
  11 orc wizards
  5 hell rats (Lair:1)
  2 lightning spires (WizLab)
  2 spriggan simulacra (IceCv)
  A troll simulacrum (IceCv)
  10 gnolls
  6 adders
  A naga simulacrum (IceCv)
  A shadow imp (D:6)
  9 white imps
  2 ufetubi
  3 worms (D:3)
  3 dart slugs
  70 orcs
  8 endoplasms
  3 giant cockroaches
  5 goblins
  7 hobgoblins
  4 jackals
  5 quokkas
  A ball python (shapeshifter) (Depths:4)
  3 ball pythons
  7 bats
  6 frilled lizards
  12 kobolds
  8 rats
  A spectral hobgoblin (D:6)
  A spectral weapon (Zot:2)
  3 tentacles (Shoals:1)
2083 creatures vanquished.

Vanquished Creatures (collateral kills)
  An ancient lich (Zot:4)
  3 orbs of fire
  A Killer Klown (Zot:5)
  A golden dragon (Vaults:5)
  A lich (Vaults:5)
  2 Orb Guardians (Zot:5)
  2 quicksilver dragons
  A deep elf blademaster (Elf:3)
  2 titans (Vaults:5)
  3 sphinxes
  Gastronok (Lair:3)
  2 death cobs
  Frances (Shoals:1)
  3 shadow dragons
  5 storm dragons
  2 tengu reavers
  A rockslime (Slime:4)
  3 draconian monks
  A draconian knight (Depths:4)
  3 azure jellies (Slime:5)
  2 frost giants
  A deep elf sorcerer (Vaults:2)
  3 fire giants
  A vault warden (Vaults:5)
  A caustic shrike zombie (Depths:2)
  A draconian shifter (Zot:5)
  A draconian stormcaller (Zot:3)
  3 ironbound preservers
  A quicksilver ooze (Slime:5)
  A caustic shrike skeleton (Depths:2)
  3 stone giants
  3 draconian annihilators
  3 very ugly things
  2 formless jellyfish (Slime:1)
  A green draconian (Zot:3)
  An ironbound thunderhulk (WizLab)
  3 deep elf annihilators
  2 minotaurs
  5 spark wasps
  A dire elephant (Lair:5)
  3 white draconians
  A black draconian (Zot:1)
  4 yellow draconians
  2 purple draconians
  A green death (D:8)
  A jiangshi (Depths:3)
  A fire dragon (Depths:4)
  3 ragged hierophants (Desolation)
  3 ettins
  5 vault guards
  2 great orbs of eyes
  A spriggan air mage (Depths:3)
  3 servants of whispers (Desolation)
  A rakshasa (Depths:3)
  3 ice dragons
  2 peacekeepers (Desolation)
  Erica (D:9)
  A centaur warrior (Vaults:2)
  A hydra (D:10)
  A boulder beetle (D:11)
  3 dancing weapons
  A satyr (D:10)
  An ironbound frostheart (Vaults:3)
  2 deep troll shamans
  A deep troll earth mage (Depths:2)
  A death yak (Lair:1)
  3 tengu warriors
  A titan zombie (Vaults:4)
  3 hell knights
  A skyshark (Lair:4)
  2 shadow wraiths (Depths:3)
  A sea snake (Shoals:4)
  A storm dragon skeleton (Vaults:4)
  2 wizards
  18 deep trolls
  3 ironbound convokers
  A harpy (Shoals:4)
  2 necromancers (Depths:2)
  A deep elf zephyrmancer (Elf:1)
  A shadow dragon skeleton (Vaults:4)
  5 ugly things
  A cyclops (Orc:2)
  A manticore (Orc:2)
  4 shining eyes
  2 moths of wrath
  4 elephants
  A guardian serpent (Desolation)
  3 vault sentinels
  An eye of devastation (Slime:4)
  An orange demon (Lair:2)
  2 gargoyles (WizLab)
  2 cane toads
  2 yaktaurs
  6 komodo dragons
  2 trolls
  A merfolk (Shoals:2)
  A merfolk (shapeshifter) (Depths:4)
  2 saltlings (Desolation)
  Grinder (D:5)
  A hornet (Depths:3)
  2 shadows (D:10)
  20 yaks
  A spriggan (D:10)
  19 slime creatures
  5 wyverns
  A wraith (D:12)
  Menkaure (D:6)
  3 vampire mosquitoes (D:10)
  2 steam dragons (D:7)
  An acid dragon (D:11)
  3 water moccasins
  4 black bears
  An orc warrior (D:10)
  2 wolves (Lair:4)
  2 ogres
  A centaur (D:8)
  2 bullfrogs
  2 earth elementals (WizLab)
  A wight (D:8)
  A nameless horror (Vaults:3)
  3 howler monkeys (D:9)
  A jelly (D:8)
  2 orc priests
  A gnoll bouda (D:5)
  A sleepcap (D:7)
  2 orc wizards (D:9)
  A hell rat (Lair:1)
  A polar bear simulacrum (IceCv)
  3 gnolls (D:9)
  A naga simulacrum (IceCv)
  A river rat (D:5)
  8 orcs
  A kobold (D:8)
  A lurking horror (D:14)
311 creatures vanquished.

Vanquished Creatures (others)
  Margery (Vaults:2)
  Donald (Shoals:1)
  A vault warden (Vaults:4)
  A hydra (Lair:4)
  A peacekeeper (Desolation)
  A death knight (D:10)
  A merfolk aquamancer (Shoals:4)
  3 death yaks
  A naga sharpshooter (Snake:2)
  An iron troll (Depths:2)
  A wizard (Vaults:2)
  3 deep elf zephyrmancers
  An oklob plant (Lair:2)
  A vault sentinel (Vaults:4)
  2 yaktaurs
  5 dream sheep (D:4)
  A spriggan (Lair:3)
  A death yak simulacrum (Lair:5)
  20 spectral weapons
  7 tentacles (Shoals:1)
54 creatures vanquished.

Grand Total: 2448 creatures vanquished

Notes
Turn   | Place    | Note
-------+----------+-------------------------------------------
     0 | D:5      | Xenophilius the Merfolk Delver began the quest for the Orb.
     0 | D:5      | Reached XP level 1. HP: 18/18 MP: 1/1
    25 | D:5      | Noticed a hound
    62 | D:5      | Noticed an iguana
    81 | D:5      | Noticed a water moccasin
    88 | D:4      | Noticed a phantom
   118 | D:4      | Found a sparkling altar of Nemelex Xobeh.
   145 | D:4      | Became a worshipper of Nemelex Xobeh the Trickster
   275 | D:3      | Reached XP level 2. HP: 24/24 MP: 2/2
   556 | D:1      | Reached XP level 3. HP: 29/29 MP: 3/3
   706 | D:1      | Reached skill level 3 in Dodging
  1160 | D:2      | Noticed Terence
  1468 | D:2      | Killed Terence
  1469 | D:2      | Reached skill level 4 in Dodging
  1469 | D:2      | Reached XP level 4. HP: 25/35 MP: 4/4
  1712 | D:3      | Reached * piety under Nemelex Xobeh
  1859 | D:3      | Found Fynt's Antique Weapon Shoppe.
  1887 | D:3      | Learned a level 1 spell: Summon Small Mammal
  2223 | D:3      | Reached skill level 5 in Long Blades
  2258 | D:3      | Reached XP level 5. HP: 41/41 MP: 5/5
  2659 | D:4      | Noticed a dream sheep
  2659 | D:4      | Noticed a dream sheep
  2659 | D:4      | Noticed a dream sheep
  2659 | D:4      | Noticed a dream sheep
  2659 | D:4      | Noticed a dream sheep
  2659 | D:4      | Found a shimmering altar of Xom.
  2663 | D:4      | Killed a dream sheep
  2663 | D:4      | Killed a dream sheep
  2663 | D:4      | Killed a dream sheep
  2663 | D:4      | Killed a dream sheep
  2663 | D:4      | Killed a dream sheep
  2813 | D:4      | Found a staircase to the Ecumenical Temple.
  2816 | D:4      | Received a gift from Nemelex Xobeh
  2836 | D:4      | Reached skill level 1 in Summonings
  2916 | D:4      | Reached XP level 6. HP: 39/47 MP: 6/6
  3024 | D:4      | Found a blossoming altar of Fedhas.
  3404 | D:5      | Noticed Ijyb
  3409 | D:5      | Noticed an ice beast
  3598 | D:5      | Learned a level 3 spell: Call Canine Familiar
  4085 | D:5      | Noticed Grinder
  4133 | D:5      | Reached skill level 1 in Spellcasting
  4433 | D:5      | Reached ** piety under Nemelex Xobeh
  4481 | D:5      | Killed a water moccasin
  4482 | D:5      | Reached XP level 7. HP: 32/52 MP: 6/10
  4738 | D:5      | a gnoll sergeant changed into a steam dragon
  4738 | D:5      | Noticed a steam dragon
  4741 | D:5      | a steam dragon changed into a river rat
  5005 | D:5      | Received a gift from Nemelex Xobeh
  5112 | D:5      | Reached skill level 5 in Summonings
  5112 | D:5      | Reached skill level 1 in Invocations
  5547 | D:6      | Reached XP level 8. HP: 58/58 MP: 11/11
  5551 | D:6      | Found a white marble altar of Elyvilon.
  5551 | D:6      | Found a snail-covered altar of Cheibriados.
  5886 | D:6      | Noticed Blork the orc
  5945 | D:6      | Killed Blork the orc
  6503 | D:6      | Found a glowing golden altar of the Shining One.
  6571 | D:6      | Noticed Menkaure
  6640 | D:6      | Found an opulent altar of Gozag.
  6787 | D:6      | Reached skill level 5 in Dodging
  7671 | D:6      | Reached XP level 9. HP: 50/65 MP: 10/12
  7905 | D:6      | Found a hazy altar of Hepliaklqana.
  8047 | D:7      | Received a gift from Nemelex Xobeh
  8112 | D:7      | Found a shadowy altar of Dithmenos.
  8375 | D:7      | Reached *** piety under Nemelex Xobeh
  8439 | D:7      | Reached skill level 6 in Dodging
  8565 | D:7      | Killed an unseen horror
  8566 | D:7      | Reached skill level 5 in Invocations
  8912 | D:7      | Found a glowing silver altar of Zin.
  9018 | D:7      | Reached skill level 1 in Shields
  9175 | D:7      | Received a gift from Nemelex Xobeh
  9722 | D:8      | Reached XP level 10. HP: 73/73 MP: 10/15
 10300 | D:8      | Received a gift from Nemelex Xobeh
 10512 | D:9      | Found a hide-covered altar of Uskayaw.
 10574 | D:9      | Reached skill level 5 in Fighting
 10574 | D:9      | Reached skill level 7 in Dodging
 10749 | D:9      | Reached **** piety under Nemelex Xobeh
 10829 | D:9      | Found an iron altar of Okawaru.
 11434 | D:9      | Reached skill level 8 in Dodging
 11435 | D:9      | Noticed Erica
 11444 | D:9      | Killed Erica
 11459 | D:9      | Reached skill level 9 in Dodging
 11622 | D:9      | Noticed Prince Ribbit
 11643 | D:9      | Killed Prince Ribbit
 12071 | D:5      | Killed Ijyb
 12380 | D:5      | Reached skill level 10 in Long Blades
 12522 | D:5      | Received a gift from Nemelex Xobeh
 12865 | D:10     | Entered Level 10 of the Dungeon
 13029 | D:10     | Reached XP level 11. HP: 74/81 MP: 14/17
 13052 | D:10     | Noticed a red ugly thing
 13216 | D:10     | Noticed an orc knight
 13216 | D:10     | Noticed a boulder beetle
 13216 | D:10     | Noticed a cyclops
 13276 | D:10     | Received a gift from Nemelex Xobeh
 13490 | D:10     | Noticed a catoblepas
 13532 | D:10     | Found a staircase to the Lair.
 13776 | D:10     | Killed a boulder beetle
 13786 | D:10     | Noticed a two-headed ogre
 14406 | D:10     | a two-headed ogre changed into a snapping turtle
 14523 | D:10     | a catoblepas changed into a formless jellyfish
 14523 | D:10     | Noticed a formless jellyfish
 14535 | D:10     | Killed a formless jellyfish
 14800 | D:10     | Noticed a death knight
 14930 | D:10     | Noticed a boulder beetle
 15181 | D:11     | Received a gift from Nemelex Xobeh
 15275 | D:10     | Noticed a steelbarb worm
 15383 | D:11     | Noticed a two-headed ogre
 15518 | D:10     | Noticed a mana viper
 15525 | D:10     | a jumping spider changed into a manticore
 15525 | D:10     | Noticed a manticore (shapeshifter)
 15667 | D:11     | Reached skill level 5 in Spellcasting
 15671 | D:11     | Paralysed by a hornet for 1 turns
 15786 | D:10     | Noticed a tengu warrior
 15904 | D:10     | Noticed an eight-headed hydra
 15919 | D:9      | Killed a boulder beetle
 15920 | D:9      | Reached skill level 10 in Dodging
 16125 | D:10     | Noticed a steelbarb worm
 16235 | D:10     | Killed a seven-headed hydra
 16236 | D:10     | Reached XP level 12. HP: 69/92 MP: 14/19
 16259 | D:10     | Killed a tengu warrior
 16487 | D:10     | Reached skill level 11 in Dodging
 16642 | D:10     | Noticed a death yak
 16686 | D:10     | a death yak changed into a formless jellyfish
 16686 | D:10     | Noticed a formless jellyfish (shapeshifter)
 16869 | D:10     | Learned a level 2 spell: Blink
 17080 | D:10     | Noticed an azure jelly
 17128 | D:10     | an azure jelly changed into a shapeshifter
 17501 | D:11     | Killed a two-headed ogre
 17560 | D:11     | Reached skill level 12 in Dodging
 17976 | D:11     | Noticed a boulder beetle
 18116 | D:11     | Killed a boulder beetle
 18502 | D:11     | Found a staircase to the Orcish Mines.
 18628 | Lair:1   | Entered Level 1 of the Lair of Beasts
 18745 | Lair:1   | Received a gift from Nemelex Xobeh
 18805 | Lair:1   | Learned a level 3 spell: Summon Guardian Golem
 18874 | Lair:1   | Reached skill level 1 in Hexes
 19157 | Lair:1   | Received a gift from Nemelex Xobeh
 19194 | Lair:1   | Reached skill level 10 in Fighting
 19748 | Lair:1   | Reached skill level 5 in Hexes
 20077 | Lair:1   | Reached XP level 13. HP: 103/103 MP: 17/20
 20411 | Lair:2   | Noticed Amaemon
 20472 | Lair:1   | Reached skill level 13 in Dodging
 21998 | Lair:2   | Received a gift from Nemelex Xobeh
 22090 | Lair:2   | Reached skill level 5 in Shields
 22679 | Lair:2   | Reached skill level 10 in Invocations
 22732 | Lair:2   | Received a gift from Nemelex Xobeh
 22821 | Lair:2   | Killed Amaemon
 22822 | Lair:2   | Reached skill level 1 in Translocations
 23692 | Lair:3   | Noticed Gastronok
 23788 | Lair:3   | Reached ***** piety under Nemelex Xobeh
 23788 | Lair:3   | Received a gift from Nemelex Xobeh
 23971 | Lair:3   | Noticed Snorg
 24028 | Lair:3   | Found an opulent altar of Gozag.
 24143 | Lair:3   | Snorg changed into Snorg the polar bear
 24143 | Lair:3   | Noticed Snorg
 24149 | Lair:3   | Killed Snorg the polar bear
 24468 | Lair:3   | Found a staircase to the Shoals.
 24708 | Lair:3   | Noticed a dire elephant
 25008 | Lair:3   | Received a gift from Nemelex Xobeh
 25158 | Lair:3   | Reached XP level 14. HP: 94/110 MP: 20/23
 25371 | Lair:3   | Found a staircase to the Snake Pit.
 25431 | Lair:3   | Reached skill level 14 in Dodging
 26068 | Lair:3   | Killed a dire elephant
 27010 | Lair:3   | Killed Gastronok
 27158 | Lair:3   | Found a staircase to the Snake Pit.
 27280 | Lair:3   | Found an opulent altar of Gozag.
 27563 | Lair:3   | Found a staircase to the Shoals.
 27886 | Lair:4   | Reached skill level 15 in Dodging
 27946 | Lair:4   | Received a gift from Nemelex Xobeh
 27952 | Lair:4   | Found a gate leading to a gauntlet.
 27976 | Gauntlet | Entered a Gauntlet
 27976 | Gauntlet | Found a transporter.
 27989 | Gauntlet | Found a transporter.
 27991 | Gauntlet | Found a transporter.
 28007 | Gauntlet | Found a transporter.
 28014 | Gauntlet | Found a transporter.
 28017 | Gauntlet | Found a transporter.
 28033 | Gauntlet | Found a transporter.
 28040 | Gauntlet | Noticed a quicksilver ooze
 28042 | Gauntlet | Found a runed translucent door.
 28043 | Gauntlet | Found a transporter.
 28044 | Gauntlet | Found a runed translucent door.
 28053 | Gauntlet | Found a transporter.
 28057 | Gauntlet | Found a transporter.
 28072 | Gauntlet | Found a transporter.
 28080 | Gauntlet | Found a transporter.
 28082 | Gauntlet | Found a transporter.
 28151 | Gauntlet | Found a transporter.
 28441 | Gauntlet | Identified the +2 cloak of Courage {Stlth+}
 28520 | Gauntlet | Identified the +3 orcbow "Icore" {flame, rF+ Will+}
 28610 | Gauntlet | Identified the +0 helmet "Agruf" {Dex+3 Stlth+}
 28711 | Gauntlet | Identified the ring "Qivoi" {rF+ Will+ rCorr}
 29627 | D:5      | Paralysed by Grinder for 3 turns
 29646 | D:5      | Killed Grinder
 29647 | D:5      | Reached skill level 1 in Evocations
 29808 | D:6      | Killed Menkaure
 30027 | D:10     | Found a staircase to the Lair.
 30044 | D:10     | Noticed a broodmother
 30055 | D:10     | Killed a broodmother
 31280 | D:10     | Found a staircase to the Lair.
 32419 | Lair:4   | Received a gift from Nemelex Xobeh
 32594 | Lair:4   | Reached skill level 5 in Evocations
 33228 | Lair:4   | Received a gift from Nemelex Xobeh
 33305 | Lair:4   | Reached XP level 15. HP: 118/120 MP: 15/24
 33967 | Lair:5   | Entered Level 5 of the Lair of Beasts
 34344 | Lair:4   | Reached skill level 5 in Translocations
 34569 | Lair:5   | Received a gift from Nemelex Xobeh
 34667 | Lair:5   | Found a staircase to the Slime Pits.
 34667 | Lair:5   | Found a viscous altar of Jiyva.
 34762 | Lair:5   | Found a glowing golden altar of the Shining One.
 34908 | Lair:5   | Received a gift from Nemelex Xobeh
 34938 | Lair:5   | Learned a level 4 spell: Petrify
 35279 | Lair:5   | Reached skill level 1 in Transmutations
 35279 | Lair:5   | Reached skill level 1 in Earth Magic
 35948 | Lair:5   | Identified the +2 leather armour "Nachiguc" {Str+6 Dex+2}
 35982 | Lair:5   | a dire elephant changed into an emperor scorpion
 35982 | Lair:5   | Noticed an emperor scorpion
 35984 | Lair:5   | an emperor scorpion changed into a cyclops
 36207 | Lair:5   | Reached skill level 5 in Transmutations
 36604 | Orc:1    | Entered Level 1 of the Orcish Mines
 36974 | Orc:2    | Entered Level 2 of the Orcish Mines
 36974 | Orc:2    | Noticed Nessos
 36975 | Orc:2    | Nessos changed into Nessos the swamp worm
 36975 | Orc:2    | Noticed Nessos
 36982 | Orc:2    | Killed Nessos the swamp worm
 37367 | Orc:2    | Found Wuqaturu's Antique Armour Emporium.
 37384 | Orc:1    | Noticed Urug
 37483 | Orc:1    | Killed Urug
 37606 | Orc:2    | Found Waclargh's Jewellery Shop.
 37625 | Orc:2    | Found Xyrphurou's General Store.
 37705 | Orc:2    | Found a staircase to the Elven Halls.
 37890 | Orc:2    | Found Pycaet's Antique Weapon Shop.
 38396 | Orc:2    | Learned a level 2 spell: Wereblood
 38408 | Orc:2    | Bought a warped robe for 142 gold pieces
 38408 | Orc:2    | Identified the +1 robe "Hiplofic" {rElec rN+ Will-} (You
                  | bought it in a shop on level 2 of the Orcish Mines)
 38483 | D:12     | Received a gift from Nemelex Xobeh
 38574 | D:12     | Found a runed translucent door.
 38575 | D:12     | Found a shimmering altar of Xom.
 38575 | D:12     | Noticed heinrich's ghost (journeyman TrFi)
 38609 | D:12     | Found a frozen archway.
 38712 | IceCv    | Entered an ice cave
 38922 | IceCv    | Reached XP level 16. HP: 127/127 MP: 25/25
 39244 | IceCv    | Reached skill level 10 in Transmutations
 40165 | D:12     | Received a gift from Nemelex Xobeh
 40593 | D:12     | Received a gift from Nemelex Xobeh
 40736 | D:13     | Reached skill level 1 in Armour
 41157 | D:13     | Reached skill level 5 in Earth Magic
 41365 | D:13     | Reached ****** piety under Nemelex Xobeh
 41406 | D:13     | Received a gift from Nemelex Xobeh
 41905 | D:14     | Found a corrupted altar of Lugonu.
 41905 | D:14     | Found a one-way gate to the infinite horrors of the Abyss.
 42103 | D:14     | Found a gate to the Vaults.
 42726 | D:14     | Received a gift from Nemelex Xobeh
 42828 | D:15     | Entered Level 15 of the Dungeon
 42959 | D:15     | Noticed Josephine
 43572 | D:15     | Found a staircase to the Depths.
 44137 | D:15     | Received a gift from Nemelex Xobeh
 44216 | D:15     | Killed Josephine
 44354 | D:15     | Reached skill level 16 in Dodging
 44849 | Shoals:1 | Entered Level 1 of the Shoals
 45035 | Shoals:1 | Received a gift from Nemelex Xobeh
 45525 | Shoals:1 | Received a gift from Nemelex Xobeh
 45529 | Shoals:1 | Noticed Frances
 45535 | Shoals:1 | You fall into a shaft and drop 1 floor!
 45535 | Shoals:2 | Noticed Donald
 46137 | Shoals:1 | Noticed a kraken
 46218 | Shoals:1 | Reached XP level 17. HP: 133/133 MP: 27/27
 46365 | Shoals:1 | Received a gift from Nemelex Xobeh
 46378 | Shoals:1 | Identified the -1 hand axe "Mairuan" {pain, MP+9 Int+2}
 46387 | Shoals:1 | Killed Frances
 47410 | Shoals:1 | Killed Donald
 47853 | Shoals:2 | Found a bloodstained altar of Trog.
 47855 | Shoals:2 | Noticed Zeis's ghost (adept HOFi)
 47860 | Shoals:2 | Found a transporter.
 47862 | Shoals:2 | Found a transporter.
 48248 | Shoals:2 | Received a gift from Nemelex Xobeh
 48895 | Shoals:3 | Found a bloodstained altar of Trog.
 49172 | Shoals:3 | Received a gift from Nemelex Xobeh
 49475 | Shoals:3 | Noticed Kirke
 49941 | Shoals:3 | Killed Kirke
 50060 | Shoals:4 | Entered Level 4 of the Shoals
 50177 | Shoals:3 | Reached skill level 10 in Shields
 51225 | Shoals:4 | Received a gift from Nemelex Xobeh
 51302 | Shoals:4 | Noticed a sphinx
 51382 | Shoals:4 | Killed a sphinx
 51423 | Shoals:4 | Reached skill level 17 in Dodging
 51748 | Shoals:4 | Reached XP level 18. HP: 122/140 MP: 25/28
 51760 | Shoals:4 | Got Sif Muna's Essays on the Planar Stinger
 52328 | Shoals:4 | Identified the +5 falchion of Annihilation {spect, *Slow
                  | rC+ rN+}
 52469 | Shoals:4 | Identified the +11 lajatang of Tenacity {elec, rN+}
 52471 | Shoals:4 | Got a barnacled rune of Zot
 53275 | Snake:1  | Entered Level 1 of the Snake Pit
 53490 | Snake:1  | Found a runed translucent door.
 53490 | Snake:1  | Found a shimmering altar of Xom.
 53490 | Snake:1  | Noticed Emari's ghost (adept TrBe)
 53538 | Snake:1  | Found Sajofi's Assorted Antiques.
 53674 | Snake:1  | Learned a level 5 spell: Alistair's Intoxication
 53678 | Snake:1  | Identified the +4 flail "Ojaxt" {venom, Drain rElec rF+++
                  | Str+3}
 53735 | Snake:1  | Reached skill level 1 in Poison Magic
 53761 | Snake:1  | Received a gift from Nemelex Xobeh
 54604 | Snake:2  | Received a gift from Nemelex Xobeh
 54718 | Snake:2  | Learned a level 2 spell: Lesser Beckoning
 55274 | Snake:2  | Reached skill level 5 in Poison Magic
 55679 | Snake:2  | Found Ruluhub's Jewellery Shoppe.
 55801 | Snake:2  | Received a gift from Nemelex Xobeh
 56845 | Snake:2  | Received a gift from Nemelex Xobeh
 57133 | Snake:2  | Found Ruluhub's Jewellery Shoppe.
 57703 | Snake:3  | Noticed Roxanne
 58025 | Snake:3  | Received a gift from Nemelex Xobeh
 58089 | Snake:3  | Reached skill level 10 in Poison Magic
 58097 | Snake:3  | Reached XP level 19. HP: 112/149 MP: 23/29
 58693 | Snake:4  | Entered Level 4 of the Snake Pit
 58984 | Snake:4  | Found Tavvat's Weapon Boutique.
 59319 | Snake:4  | Received a gift from Nemelex Xobeh
 61649 | Snake:4  | Got a serpentine rune of Zot
 62023 | Elf:1    | Entered Level 1 of the Elven Halls
 62041 | Elf:1    | Reached skill level 15 in Transmutations
 62371 | Orc:2    | Reached skill level 10 in Stealth
 62430 | Elf:1    | Paralysed by an air elemental for 1 turns
 62441 | Orc:2    | Paralysed by an air elemental for 1 turns
 62538 | Elf:1    | Paralysed by an air elemental for 1 turns
 62650 | Elf:1    | Paralysed by an air elemental for 1 turns
 62996 | Elf:1    | Reached skill level 18 in Dodging
 63058 | Elf:1    | Got Umpouroi's Catalogue of Profane Secrets
 63109 | Elf:1    | Received a gift from Nemelex Xobeh
 63777 | Elf:2    | Reached XP level 20. HP: 151/156 MP: 33/33
 63852 | Elf:2    | Found a runed translucent gate.
 63854 | Elf:2    | Found a runed translucent gate.
 63854 | Elf:2    | Found a runed translucent gate.
 64084 | Elf:2    | Found Atuxi's Book Shoppe.
 64084 | Elf:2    | Found Qewk's Antique Armour Emporium.
 64085 | Elf:2    | Found Oxet's Antique Weapon Shoppe.
 64167 | Elf:2    | Found Vuint's Antique Weapon Emporium.
 64187 | Elf:2    | Bought the +3 pair of mountain boots {steadfast, rC+} for
                  | 938 gold pieces
 64187 | Elf:2    | Found the +3 pair of mountain boots {steadfast, rC+}
 64200 | Elf:2    | Bought a shimmering leather armour for 196 gold pieces
 64200 | Elf:2    | Identified the +1 leather armour of Follow the Leader
                  | {Will- Int+4 Dex+2 Stlth+} (You bought it in a shop on
                  | level 2 of the Elven Halls)
 64200 | Elf:2    | Bought a glowing helmet for 210 gold pieces
 64486 | Elf:2    | Received a gift from Nemelex Xobeh
 65866 | Elf:3    | Entered Level 3 of the Elven Halls
 66163 | Elf:3    | Found Fegiabul's Antique Weapon Emporium.
 66361 | Elf:3    | Received a gift from Nemelex Xobeh
 66433 | Elf:3    | Found Itwiolang's Magic Scroll Emporium.
 66437 | Elf:3    | Bought a scroll of silence for 190 gold pieces
 66458 | Elf:3    | Found Uqyfaz Wirgh's General Store.
 66493 | Elf:3    | Found Iluseogipu's Weapon Boutique.
 67012 | Elf:3    | Reached skill level 19 in Dodging
 67446 | Elf:3    | Noticed a Tzitzimitl
 67468 | Elf:3    | Identified the +1 long sword "Byneps" {freeze, Stlth+}
 67535 | Elf:3    | Identified the ring of Niosebor {Ice rPois MP-9 Str+2}
 67933 | Elf:3    | Identified the ring of Pippouh {rPois rC++ Str+2}
 68114 | Elf:3    | Identified the +9 spear of Demand {venom, Drain Fly rElec
                  | Will+}
 68114 | Elf:3    | Identified the +7 chain mail "Wetudige" {Harm rPois rN+
                  | Dex-3}
 68946 | Elf:3    | Identified the +7 long sword of Orofa {freeze, rCorr}
 68946 | Elf:3    | Identified the ring "Wauxifam" {+Blink rPois rC+ Slay+3}
 69210 | Elf:3    | Identified the +3 short sword of Ripingom {elec, *Corrode
                  | Int+3 Dex+3}
 69439 | Elf:3    | Identified a scroll of acquirement
 69462 | Elf:3    | Identified the staff "Isadoklu" {Fly rPois rF+ Str+2 Dex-2
                  | Fire}
 69463 | Elf:3    | Identified the scarf of Lethargy {rC+ rF+, Drain Fly rElec
                  | Str+7}
 69469 | Elf:3    | Got Sif Muna's Omnibus of the Wintry Lungs
 69483 | Elf:3    | Identified the +0 ring mail of Indomitability {Str+3 Dex+4}
 69533 | Elf:3    | Identified the +1 pair of gloves "Vimpuachaa" {Will- Str+2
                  | Int+4}
 69565 | Elf:3    | Acquired the Folio of the Charmed Shift
 69573 | Elf:3    | Learned a level 5 spell: Summon Mana Viper
 69850 | Vaults:1 | Entered Level 1 of the Vaults
 70117 | Vaults:1 | Received a gift from Nemelex Xobeh
 70153 | Vaults:1 | Reached XP level 21. HP: 161/166 MP: 32/34
 70602 | Vaults:1 | Found a portal to a secret trove of treasure.
 70632 | Vaults:1 | Identified the +2 arbalest "Mib Kogh" {heavy, *Corrode rN+
                  | Will+++ Dex-5}
 70998 | Vaults:1 | Reached skill level 15 in Fighting
 70998 | Vaults:1 | Reached skill level 15 in Invocations
 71396 | Vaults:1 | Received a gift from Nemelex Xobeh
 71845 | Vaults:2 | Received a gift from Nemelex Xobeh
 71947 | Vaults:2 | Found the +6 Majin-Bo {spellvamp, MP+6 Int+6}
 72425 | Vaults:2 | Acquired a +3 double sword of freezing
 73826 | Vaults:2 | Received a gift from Nemelex Xobeh
 73998 | Vaults:2 | Found a gateway to a bazaar.
 74076 | Bazaar   | Entered a bazaar
 74078 | Bazaar   | Found Ritawo Deack's General Store.
 74088 | Bazaar   | Found Mifax's General Store.
 74193 | Bazaar   | Found Tautia's Antique Weapon Shoppe.
 74226 | Bazaar   | Bought a potion of curing for 24 gold pieces
 74226 | Bazaar   | Bought a potion of heal wounds for 40 gold pieces
 74235 | Bazaar   | Bought a potion of magic for 112 gold pieces
 74235 | Bazaar   | Bought a scroll of enchant weapon for 105 gold pieces
 74235 | Bazaar   | Bought a potion of enlightenment for 70 gold pieces
 74675 | Vaults:2 | Noticed Margery
 74838 | Vaults:2 | Reached skill level 10 in Hexes
 74838 | Vaults:2 | Reached skill level 10 in Summonings
 74928 | Vaults:2 | Killed Margery
 75908 | Vaults:3 | Learned a level 5 spell: Yara's Violent Unravelling
 75957 | Vaults:3 | Found a staircase to the Crypt.
 75957 | Vaults:3 | Found a basalt altar of Yredelemnul.
 75958 | Vaults:3 | Found an ancient bone altar of Kikubaaqudgha.
 76178 | Vaults:3 | Received a gift from Nemelex Xobeh
 76687 | Vaults:3 | Reached XP level 22. HP: 175/175 MP: 28/35
 76909 | Vaults:3 | Received a gift from Nemelex Xobeh
 77167 | Vaults:3 | Learned a level 3 spell: Ozocubu's Armour
 77212 | Vaults:3 | Reached skill level 1 in Ice Magic
 78319 | Vaults:4 | Received a gift from Nemelex Xobeh
 78348 | Vaults:4 | Found a crumbling gateway.
 78365 | Desolati | Entered the Desolation of Salt
 78568 | Desolati | Received a gift from Nemelex Xobeh
 78617 | Desolati | Identified the amulet of the Ageless Allies {Faith Regen+
                  | Dex+2}
 78711 | Desolati | Identified the +10 shortbow "Ciczeos" {drain, Int+3}
 78714 | Desolati | Identified the +2 chain mail of Dithmenos's Favour {rElec
                  | rF+ Str-5}
 78715 | Desolati | Identified the +10 flail of Division {flame, rElec rPois}
 79272 | Desolati | Got the Compendium of the Macabre Cure
 79274 | Desolati | Identified the ring of Eternal Harmony {rC+ Str+4 Stlth+}
 79277 | Desolati | Got the Cyclopedia of the Gathering and Nonlocality
 79279 | Desolati | Identified the +0 robe of Follow the Leader {Str+3}
 79644 | Desolati | Reached skill level 5 in Ice Magic
 79830 | Desolati | Identified the +5 chain mail of the Dice {Str+2 Dex+4 SInv
                  | Stlth+}
 79839 | Desolati | Identified the +9 chain mail of Spite {Rampage SInv}
 79855 | Desolati | Received a gift from Nemelex Xobeh
 80597 | Vaults:4 | Noticed Mara
 80829 | Vaults:4 | Learned a level 4 spell: Animate Armour
 81563 | Vaults:4 | Received a gift from Nemelex Xobeh
 81606 | Vaults:4 | Noticed Aizul
 81623 | Vaults:4 | Killed Aizul
 82230 | Vaults:4 | Received a gift from Nemelex Xobeh
 82859 | Lair:4   | Learned a level 4 spell: Passage of Golubria
 82923 | Slime:1  | Entered Level 1 of the Pits of Slime
 82933 | Slime:2  | Gained mutation: Your magical capacity is low. (-10% MP) [a
                  | shining eye]
 83009 | Slime:2  | Paralysed by a formless jellyfish for 1 turns
 83017 | Slime:1  | Reached XP level 23. HP: 173/181 MP: 25/32
 83163 | Slime:1  | Paralysed by a formless jellyfish for 1 turns
 83206 | Slime:1  | Paralysed by a formless jellyfish for 1 turns
 83546 | Slime:3  | Reached skill level 15 in Long Blades
 83794 | Slime:4  | Received a gift from Nemelex Xobeh
 83811 | Slime:5  | Entered Level 5 of the Pits of Slime
 83814 | Slime:5  | Found a viscous altar of Jiyva.
 83899 | Slime:3  | Received a gift from Nemelex Xobeh
 84570 | Slime:5  | Noticed the Royal Jelly
 84834 | Slime:5  | Received a gift from Nemelex Xobeh
 85499 | Slime:5  | Killed the Royal Jelly
 85690 | Slime:5  | Identified the amulet of Dishonesty {Acrobat Will++ Str+5
                  | Dex-4}
 85692 | Slime:5  | Identified the amulet of Hagerpho {Reflect Int+2 SH+5}
 85708 | Slime:5  | Got a slimy rune of Zot
 85769 | Slime:5  | Identified the ring "Huevval" {rPois rC+ AC+4 Int+4}
 85774 | Slime:5  | Identified the amulet "Zyqenem" {Spirit rF++ Int-3 Dex+8
                  | Stlth-}
 85806 | Slime:5  | Identified the amulet of the Seeker {Spirit rN+ Str-2
                  | Slay+3 Stlth+}
 85927 | Slime:5  | Got Lom Lobon's Guide on Outbursts
 86639 | D:12     | Killed heinrich's ghost
 87218 | Shoals:2 | Reached skill level 5 in Armour
 87374 | Shoals:2 | Killed Zeis's ghost
 87586 | Snake:3  | Killed Roxanne
 87696 | Snake:1  | Killed Emari's ghost
 87941 | Depths:1 | Entered Level 1 of the Depths
 87941 | Depths:1 | Found Motoa's Jewellery Shop.
 87961 | Depths:1 | Received a gift from Nemelex Xobeh
 88103 | Depths:1 | Found a runed translucent door.
 88106 | Depths:1 | Found a radiant altar of Vehumet.
 88108 | Depths:1 | Noticed an ancient lich
 88212 | Depths:1 | Found a magical portal.
 88227 | WizLab   | Entered Maxwell's Workshop
 88468 | WizLab   | Reached skill level 10 in Spellcasting
 88486 | WizLab   | Found the +15 Maxwell's patent armour {-Cast -Tele rElec
                  | Will+ rCorr}
 88502 | WizLab   | Identified the ring of the Quahog {Fire rPois}
 88912 | WizLab   | Received a gift from Nemelex Xobeh
 88928 | WizLab   | Identified the +2 ring mail of the Merwolf {Str+3}
 89404 | WizLab   | Identified the ring of the Will of the Gods {Ice Will+
                  | Int+3}
 89415 | WizLab   | Identified the +0 plate armour "Folalav" {Rampage Str+4}
 89689 | Depths:1 | Reached skill level 20 in Dodging
 89754 | Depths:1 | Killed an ancient lich
 89772 | Depths:1 | Got Matum's Incunable of Conjuring
 89879 | Depths:1 | Found a one-way gateway to a ziggurat.
 90074 | Depths:1 | Reached XP level 24. HP: 162/188 MP: 28/33
 90348 | Depths:1 | Found Pugyas's Assorted Antiques.
 90348 | Depths:1 | Received a gift from Nemelex Xobeh
 90696 | Depths:1 | Found a gateway to Hell.
 91346 | Depths:2 | Found a one-way gate leading to the halls of Pandemonium.
 91830 | Depths:2 | Found an ornate altar of the Wu Jian Council.
 91914 | Depths:2 | Received a gift from Nemelex Xobeh
 93071 | Depths:3 | Noticed a juggernaut
 93082 | Depths:3 | Killed a juggernaut
 93238 | Depths:3 | Received a gift from Nemelex Xobeh
 93477 | Depths:3 | Noticed Vv
 93725 | Depths:3 | Killed Vv
 94577 | Depths:3 | Reached XP level 25. HP: 197/197 MP: 29/33
 94917 | Depths:3 | Received a gift from Nemelex Xobeh
 94930 | Depths:3 | Found a shadowy altar of Dithmenos.
 95281 | Depths:3 | Identified the +8 shadow dragon scales of a volcano {Will++
                  | MP+9 Int-5 Dex+2 Stlth++++}
 95402 | Depths:4 | Entered Level 4 of the Depths
 95684 | Depths:3 | Reached skill level 15 in Stealth
 96335 | Depths:4 | Found an iron altar of Okawaru.
 96700 | Depths:4 | Reached skill level 21 in Dodging
 96778 | Depths:4 | Received a gift from Nemelex Xobeh
 96783 | Depths:4 | Found a runed translucent door.
 96789 | Depths:4 | Found a runed translucent door.
 96834 | Depths:4 | Found a gate to the Realm of Zot.
 96875 | Depths:4 | Found a runed translucent door.
 96883 | Depths:4 | Found a runed translucent door.
 96973 | Depths:4 | Found a runed translucent door.
 96973 | Depths:4 | Found a runed translucent door.
 97456 | Depths:4 | Learned a level 4 spell: Manifold Assault
 98899 | Orc:2    | Bought a scroll of enchant weapon for 105 gold pieces
 99034 | Vaults:1 | You paid a toll of a +7 demon trident to enter a treasure
                  | trove
 99035 | Trove    | Entered a treasure trove
 99043 | Trove    | Identified the +1 ring mail of Youthful Indiscretion
                  | {Rampage}
 99044 | Trove    | Identified the amulet "Caesoy" {Reflect SH+5 Stlth+}
 99058 | Trove    | Identified the +4 scimitar "Lunion" {protect, rCorr}
 99224 | Vaults:4 | Noticed Xenophilius's illusion
 99242 | Vaults:4 | Killed Mara
 99307 | Vaults:5 | Entered Level 5 of the Vaults
 99632 | Vaults:5 | Identified the +9 double sword of the Kissing Vulture
                  | {pain, Dex+4}
 99808 | Vaults:5 | Noticed a dread lich
 99819 | Vaults:5 | Killed a dread lich
100027 | Vaults:5 | Received a gift from Nemelex Xobeh
100182 | Vaults:5 | Identified the +7 tower shield "Jerphun" {*Slow rElec rPois
                  | Str+3}
100182 | Vaults:5 | Noticed Mennas
100209 | Vaults:5 | Killed Mennas
100697 | Vaults:5 | Noticed a dread lich
100709 | Vaults:5 | Killed a dread lich
100710 | Vaults:5 | Reached skill level 22 in Dodging
100906 | Vaults:5 | Reached XP level 26. HP: 208/208 MP: 18/33
101104 | Vaults:5 | Reached skill level 15 in Shields
101569 | Vaults:5 | Identified the ring "Ruaroopo" {Int+2 Slay+4}
101569 | Vaults:5 | Identified the +9 eveningstar "Xesoaxas" {flame, Contam
                  | rElec Str+3 Int+5}
101723 | Vaults:5 | Received a gift from Nemelex Xobeh
101729 | Vaults:5 | Identified the +7 dagger of Conflict {speed, rPois Dex+2}
101743 | Vaults:5 | Noticed an ancient lich
101840 | Vaults:5 | Noticed an ancient lich
101844 | Vaults:5 | Identified the -1 trident of the Dungeon {pain, rCorr Str-4
                  | Int+3 Dex+6}
101854 | Vaults:5 | Killed an ancient lich
101862 | Vaults:5 | Killed an ancient lich
101996 | Vaults:5 | Identified the ring of Modesty {Ice rElec rCorr}
102432 | Vaults:5 | Got a silver rune of Zot
102574 | Vaults:5 | Identified the staff "Ismulofu" {rF+ rC+ Fire}
102939 | Vaults:5 | Identified the +5 great mace "Kisul" {drain, rC++}
102997 | Vaults:5 | Received a gift from Nemelex Xobeh
104525 | Elf:3    | Bought a scroll of teleportation for 60 gold pieces
104525 | Elf:3    | Bought a scroll of teleportation for 60 gold pieces
104525 | Elf:3    | Bought a scroll of teleportation for 60 gold pieces
104525 | Elf:3    | Bought a scroll of fear for 80 gold pieces
104525 | Elf:3    | Bought a scroll of vulnerability for 80 gold pieces
104545 | Elf:3    | Bought a scroll of fog for 72 gold pieces
104545 | Elf:3    | Bought a wand of paralysis (4) for 172 gold pieces
105080 | Snake:1  | Bought a scroll of teleportation for 63 gold pieces
105080 | Snake:1  | Bought a scroll of fog for 84 gold pieces
105080 | Snake:1  | Bought a wand of mindburst (6) for 176 gold pieces
105080 | Snake:1  | Bought a potion of invisibility for 168 gold pieces
105080 | Snake:1  | Bought a wand of digging (4) for 352 gold pieces
105448 | Depths:1 | Bought a potion of magic for 152 gold pieces
105448 | Depths:1 | Bought 2 scrolls of teleportation for 114 gold pieces
105581 | Zot:1    | Entered Level 1 of the Realm of Zot
106344 | Zot:1    | Noticed an orb of fire
106416 | Zot:1    | Killed an orb of fire
106650 | Zot:1    | Noticed an orb of fire
106729 | Depths:4 | Gained mutation: You have hidden genetic defects. [an orb
                  | of fire]
106732 | Depths:4 | Killed an orb of fire
106844 | Depths:4 | Lost mutation: Your magical capacity is low. (-10% MP)
                  | [potion of mutation]
106844 | Depths:4 | Lost mutation: You have hidden genetic defects. [potion of
                  | mutation]
106844 | Depths:4 | Gained mutation: You are frail. (-10% HP) [potion of
                  | mutation]
106844 | Depths:4 | Gained mutation: You have hidden genetic potential. [potion
                  | of mutation]
106844 | Depths:4 | Gained mutation: You are covered in fur. (AC +1) [potion of
                  | mutation]
106987 | Zot:1    | Received a gift from Nemelex Xobeh
107217 | Zot:1    | Received a gift from Nemelex Xobeh
108623 | Zot:1    | Reached XP level 27. HP: 172/192 MP: 25/37
108624 | Zot:1    | Reached skill level 10 in Translocations
109736 | Zot:2    | Noticed a dread lich
109755 | Zot:2    | Killed a dread lich
109980 | Zot:2    | Received a gift from Nemelex Xobeh
109992 | Zot:2    | Noticed Emnejil's ghost (master VSBe)
110002 | Zot:2    | Found a runed translucent door.
110344 | Zot:2    | Killed Emnejil's ghost
111497 | Zot:3    | Reached skill level 23 in Dodging
111691 | Zot:3    | Received a gift from Nemelex Xobeh
111843 | Zot:3    | Gained mutation: Your system is resistant to poisons.
                  | (rPois) [hidden potential]
112329 | Zot:4    | Reached skill level 24 in Dodging
112672 | Zot:4    | Received a gift from Nemelex Xobeh
113353 | Zot:4    | Identified the +2 shortbow "Sarcophage" {drain, rElec
                  | Int+3}
113393 | Zot:5    | Entered Level 5 of the Realm of Zot
113642 | Zot:5    | Received a gift from Nemelex Xobeh
113928 | Zot:5    | Noticed an ancient lich
113999 | Zot:5    | Noticed an orb of fire
114083 | Zot:4    | Killed an ancient lich
114127 | Zot:4    | Killed an orb of fire
114178 | Zot:5    | Noticed an orb of fire
114210 | Zot:4    | Killed an orb of fire
114266 | Zot:5    | Noticed an orb of fire
114292 | Zot:4    | Killed an orb of fire
114445 | Zot:5    | Noticed an orb of fire
114461 | Zot:5    | Killed an orb of fire
114675 | Zot:5    | Noticed a dread lich
114696 | Zot:5    | Killed a dread lich
114697 | Zot:5    | Reached skill level 25 in Dodging
114863 | Zot:5    | Noticed an orb of fire
114875 | Zot:5    | Killed an orb of fire
114879 | Zot:5    | Noticed an orb of fire
114895 | Zot:5    | Killed an orb of fire
115006 | Zot:5    | Noticed an ancient lich
115015 | Zot:5    | Killed an ancient lich
115488 | Zot:5    | Noticed an orb of fire
115504 | Zot:5    | Gained mutation: Your magical capacity is low. (-10% MP)
                  | [an orb of fire]
115514 | Zot:5    | Gained mutation: Your magical capacity is very low. (-20%
                  | MP) [an orb of fire]
115516 | Zot:5    | Gained mutation: You possess an exceptional clarity of
                  | mind. [an orb of fire]
115517 | Zot:5    | Killed an orb of fire
115956 | Zot:5    | Noticed a dread lich
115959 | Zot:5    | Gained mutation: You are strong-willed. (Will+) [hidden
                  | potential]
115959 | Zot:5    | Lost mutation: You have hidden genetic potential. [hidden
                  | potential expressed]
115972 | Zot:5    | Killed a dread lich
116593 | Zot:5    | Got the Orb of Zot
117042 | D:$      | Escaped with the Orb!

Illustrated notes

Levels and vault maps discovered:
D:1:      minmay_arrival_open_corners, layout_basic, moated_statue
D:2:      layout_basic, uniq_terence
D:3:      minmay_chambers_of_twos, layout_basic, serial_shops,
          nicolae_shop_stone
D:4:      layout_loops_cross, kb_xom_exploding_sheep,
          mainiacjoe_overflow_large_starburst, minmay_temple_entry_tees,
          minmay_liquid_box
D:5:      layout_layer_cave, uniq_grinder, uniq_ijyb
D:6:      layout_gridville, nicolae_hepliaklqana_monster_ancestors,
          nicolae_gozag_cash_rules_everything_around_me, tso_oasis_becter,
          gammafunk_temple_overflow_wave, kennysheep_generic_room_5,
          uniq_blork_the_orc, uniq_menkaure
D:7:      layout_basic, mainiacjoe_overflow_catwalk,
          mainiacjoe_overflow_six_doors_small, kennysheep_generic_room_13
D:8:      layout_basic, serial_rivers, chequers_serial_rivers_room_b,
          chequers_serial_rivers_micro_e, chequers_serial_rivers_marsh,
          chequers_serial_rivers_room_a, chequers_serial_rivers_micro_d,
          chequers_serial_rivers_small_b
D:9:      layout_roguey, lemuel_tele_altar, mainiacjoe_overflow_surrounded_room,
          hangedman_decor_riveting, chequers_garden, st_stairs_4, uniq_erica,
          uniq_prince_ribbit1
D:10:     minmay_shrinking_squares, layout_loops_ring,
          due_lair_maze_entry_diamond, minivault_28
D:11:     layout_rooms, hiddenorc1_lemuel
D:12:     layout_roguey, ebering_ghost_xom, portal_ice_cave_rime
D:13:     layout_roguey
D:14:     layout_loops_cross, david_vaults_1, hangedman_abyss_or_decor_passed,
          palyth_stone_intersect, dreamdust_princess_corridor,
          amcnicky_altar_lugonu_corruption
D:15:     hangedman_depths_entry_try_elsewhere_first, layout_loops_corners,
          minmay_misc_feat_cross, minmay_misc_feat_tower, uniq_josephine
Lair:1:   layout_hall_layers, st_stairs_3
Lair:2:   beast_lair_carwin_large_4, layout_regular_city, minivault_26,
          uniq_amaemon
Lair:3:   mu_elephants_graveyard, layout_regular_city, elwin_shoals_entry_rooms,
          nicolae_snake_entry_squirm, basic_altar, serial_bayou_lagoon_b,
          uniq_gastronok, uniq_snorg
Lair:4:   nzn_winding_woodlands_cross [nzn_winding_woodlands_5x15_sawtooth,
          nzn_winding_woodlands_5x15_jagged,
          nzn_winding_woodlands_5x15_longhouse,
          nzn_winding_woodlands_5x15_lazy_stream,
          nzn_winding_woodlands_15x15_five_gardens], layout_gridlike,
          gauntlet_entry_generic
Lair:5:   due_jungle_book, layout_regular_city, minmay_slime_entry_pillars,
          basic_altar, lemuel_fruit_tree, grunt_megastairs_2,
          infiniplex_staircase_pool
Shoals:1: layout_shoals, uniq_frances
Shoals:2: layout_shoals, gammafunk_ghost_wrathful_warriors,
          nicolae_shoals_aquamancer_cove, uniq_donald
Shoals:3: layout_shoals, lemuel_centaur_altar, uniq_kirke
Shoals:4: shoals_end_hellmonk_lost_city
Snake:1:  layout_cave_shapes, ebering_ghost_xom, minmay_shop_star
Snake:2:  layout_misc_corridors, serial_shops, shop, serial_bayou_crossing
Snake:3:  layout_misc_corridors, uniq_roxanne
Snake:4:  grunt_snake_rune_spirals, layout_onion, serial_shops,
          nicolae_shop_bloodbath_and_beyond
Slime:1:  layout_caves, cheibrodos_slime_lost_civilization_7
Slime:2:  layout_caves
Slime:3:  layout_caves
Slime:4:  layout_caves, cheibrodos_slime_lost_civilization_6
Slime:5:  slime_pit_nicolae_jellycorners
Orc:1:    layout_caves, david_defended_altar_orc, uniq_urug
Orc:2:    grunt_orc_gardens, layout_caves, grunt_orc_garden, grunt_orc_garden,
          grunt_orc_garden, grunt_orc_garden, uniq_nessos
Elf:1:    layout_rooms, minmay_elf_necromancy, corexii_leaking_fountain,
          grunt_megastairs_5
Elf:2:    nicolae_elf_blades_crystal_corner, layout_gridlike,
          patterned_corridor, minmay_shoptagon
Elf:3:    elf_hall, layout_loops_ring, serial_shops, nicolae_shop_trees, shop,
          nicolae_shop_back_alley_shop, shop, kilobyte_rumbling_trees
Vaults:1: nicolae_vaults_yaktaur_gun_rack, hangedman_vaults_river_flow,
          v_misc_12, v_misc_27, nicolae_vaults_lightning_bolt,
          nicolae_vaults_surprise_closet, nicolae_vaults_weapon_check,
          vaults_room_door_ring, vaults_room_pool,
          nicolae_vaults_security_offices_3, vaults_room_large_hall,
          layout_vaults_omnibox, enter_trove_0
Vaults:2: nicolae_vaults_library_corner, v_misc_18,
          nicolae_vaults_closet_pinwheel_3, nicolae_vaults_mini_display_case,
          hangedman_vaults_variations, nicolae_vaults_trapezoid_layered,
          grunt_vaults_funnel, vaults_room_large_hall, layout_vaults_omnigrid,
          serial_shops, bzr_entry_lakeside, uniq_margery
Vaults:3: v_misc_5, v_misc_32, hangedman_vaults_stitches,
          nicolae_vaults_three_branches, v_misc_4, nicolae_vaults_shock_wave,
          hangedman_vaults_trim, minmay_crypt_entry_necro_gods,
          nicolae_vaults_little_squares_2, layout_vaults_omnicross
Vaults:4: portal_desolation_entry_garden, vaults_room_boxed,
          nicolae_vaults_two_Ls, v_misc_28, hangedman_vaults_corner_blocks,
          nicolae_vaults_door_testing_chamber, nicolae_vaults_alarming,
          v_rooms_6, nicolae_vaults_trapezoid_lopsided_4,
          nicolae_vaults_offset_grid_hallway_1,
          vaults_mumra_minichess_inversion, vaults_room_hallway,
          layout_vaults_ring, uniq_mara, uniq_aizul
Vaults:5: serial_shops, uniq_mennas
Depths:1: layout_forbidden_donut, enter_ziggurat_f, kennysheep_path_1,
          serial_shops, shop, shop, mu_enter_wizlab_3, grunt_hell_entry_dis_old,
          kennysheep_flooded_box, grunt_absolute_annihilation
Depths:2: hangedman_cross_stitches, layout_basic, grunt_pan_entry_spiral,
          pdpol_wu_jian_five_deadly_venoms, hellmouth_1
Depths:3: regret_index_dithmenos_brocken_genspenst, layout_long_grid,
          nicolae_elevator_lobby_plus, hell_entry, abyss_entry,
          onia_ninara_cookie, uniq_vv
Depths:4: evilmike_zot_entry_castle, layout_basic, rand_demon_pan_entry_7,
          hell_entry, kennysheep_okawaru_gauntlet
Zot:1:    layout_onion_interference, hellmonk_body_bag
Zot:2:    ebering_klown_carousel, layout_twisted_circle,
          hellmonk_ghost_happy_afterlife
Zot:3:    layout_cellular_growth
Zot:4:    layout_basic, st_stairs_2
Zot:5:    layout_twisted_circle

Skill      XL: |  1  2  3  4  5  6  7  8  9 10 11 12 13 14 15 16 17 18 19 20 21 22 23 24 25 26 27 |
---------------+----------------------------------------------------------------------------------+-----
Long Blades    | 3 4 5 6 8 10 12 13 14 16 17 18 | 18.0
Dodging        | 4 5 6 9 10 12 13 15 16 17 18 19 20 22 25 | 25.8
Summonings     | 2 4 5 6 7 8 9 11 12 13 | 13.0
Spellcasting   | 2 3 5 6 7 9 10 | 10.0
Invocations    | 4 6 8 9 10 11 12 13 14 15 16 17 20 | 20.0
Fighting       | 4 6 8 10 12 13 14 15 16 17 20 | 20.0
Shields        | 4 6 10 11 13 14 18 | 18.0
Hexes          | 5 11 12 13 | 13.0
Stealth        | 6 9 10 14 16 | 16.0
Translocations | 4 5 7 9 10 | 10.0
Evocations     | 5 8 |  8.0
Transmutations | 9 12 13 15 | 15.0
Earth Magic    | 4 6 7 |  7.0
Armour         | 4 6 |  6.0
Poison Magic   | 10 11 | 11.0
Ice Magic      | 6 8 |  8.0

Action                     |  1- 3 |  4- 6 |  7- 9 | 10-12 | 13-15 | 16-18 | 19-21 | 22-24 | 25-27 || total
---------------------------+-------+-------+-------+-------+-------+-------+-------+-------+-------++-------
  Melee: Falchion          |    84 |    56 |     9 |       |       |   360 |  1467 |       |       ||  1976
         Dagger            |    19 |   114 |   175 |    91 |    61 |   238 |    70 |    32 |    25 ||   825
         Punch             |       |     4 |     3 |       |       |       |       |       |       ||     7
         Scimitar          |       |       |    91 |   545 |  1269 |  1094 |    47 |       |       ||  3046
         Tailslap          |       |       |     2 |       |       |   121 |       |     1 |     7 ||   131
         Double sword      |       |       |       |       |       |       |   209 |  1638 |  2048 ||  3895
   Fire: Sling             |     3 |    12 |    40 |    20 |       |   196 |       |       |       ||   271
  Throw: Dart              |       |       |       |    39 |    27 |    12 |    39 |    49 |    22 ||   188
   Cast: Summon Small Mamm |       |     4 |    81 |    69 |   165 |     2 |     2 |       |       ||   323
         Call Canine Famil |       |       |    17 |   123 |   214 |    83 |     4 |     1 |       ||   442
         Summon Guardian G |       |       |       |     1 |    42 |     4 |     5 |     5 |     1 ||    58
         Blink             |       |       |       |       |     6 |     7 |     7 |     7 |     8 ||    35
         Petrify           |       |       |       |       |     6 |   135 |    26 |     3 |       ||   170
         Lesser Beckoning  |       |       |       |       |       |       |   109 |    88 |   168 ||   365
         Alistair's Intoxi |       |       |       |       |       |       |     8 |     1 |     2 ||    11
         Summon Mana Viper |       |       |       |       |       |       |    33 |   202 |   243 ||   478
         Ozocubu's Armour  |       |       |       |       |       |       |       |    15 |     1 ||    16
         Animate Armour    |       |       |       |       |       |       |       |     1 |       ||     1
         Passage of Golubr |       |       |       |       |       |       |       |     4 |     5 ||     9
         Yara's Violent Un |       |       |       |       |       |       |       |     1 |       ||     1
 Invoke: Draw Destruction  |       |       |     5 |    15 |    36 |    18 |    38 |    39 |    22 ||   173
         Draw Summoning    |       |       |       |     2 |     6 |     4 |     9 |    10 |     4 ||    35
         Triple Draw       |       |       |       |     1 |       |       |       |       |       ||     1
         Deal Four         |       |       |       |     1 |       |       |       |     2 |       ||     3
         Stack Five        |       |       |       |       |     1 |       |       |       |       ||     1
         Draw Escape       |       |       |       |       |       |     1 |     4 |     1 |       ||     6
         Draw Stack        |       |       |       |       |       |       |       |       |     3 ||     3
  Evoke: Wand              |       |       |       |     1 |     5 |    29 |     5 |     3 |    10 ||    53
         Lightning rod     |       |       |       |       |     2 |       |     1 |       |       ||     3
    Use: Scroll            |     1 |     4 |     7 |     9 |     5 |     5 |    12 |    10 |    13 ||    66
         Potion            |       |       |       |     2 |     1 |       |     1 |     3 |     5 ||    12
   Stab: Sleeping          |    16 |     8 |     6 |     5 |    16 |    49 |    30 |    28 |    19 ||   177
         Distracted        |       |     2 |     3 |    15 |    49 |    24 |    61 |    52 |    56 ||   262
         Petrified         |       |       |       |       |     5 |    90 |    10 |       |     1 ||   106
         Petrifying        |       |       |       |       |       |    27 |     4 |       |     1 ||    32
         Confused          |       |       |       |       |       |       |     4 |     2 |       ||     6
 Armour: Leather armour    |    19 |    24 |    39 |       |    20 |   188 |   193 |   211 |       ||   694
         Ring mail         |       |       |    19 |       |       |       |       |    27 |       ||    46
         Steam dragon scal |       |       |     5 |     2 |       |       |       |       |       ||     7
         Acid dragon scale |       |       |       |   114 |   152 |       |       |       |       ||   266
         Robe              |       |       |       |       |     4 |    14 |       |    21 |   185 ||   224
  Dodge: Dodged            |    43 |    92 |   158 |   392 |   967 |  1143 |   808 |  1024 |  1180 ||  5807
         Repelled          |       |       |       |     3 |     2 |    18 |    38 |    27 |    45 ||   133
  Block: Buckler           |       |       |    11 |   143 |   338 |   177 |       |       |       ||   669
         Kite shield       |       |       |       |       |       |   467 |   770 |   920 |   504 ||  2661
         Reflection        |       |       |       |       |       |    75 |    99 |    16 |     7 ||   197
         Tower shield      |       |       |       |       |       |       |       |       |  1353 ||  1353

Table legend: (Time is in decaauts)
 A = Elapsed time spent in this place.
 B = Non-inter-level travel time spent in this place.
 C = Inter-level travel time spent in this place.
 D = Time resting spent in this place.
 E = Time spent auto-exploring this place.
 F = Levels seen in this place.
 G = Mean time per level.
                   A        B        C        D        E       F      G
               +--------+--------+--------+--------+--------+-----+--------+
         Total | 113150 | 100207 |  12943 |  31682 |  17556 |  58 | 1950.9 |
       Dungeon |  27983 |  23316 |   4667 |   6104 |   4197 |  15 | 1865.5 |
          Lair |  16088 |  13263 |   2825 |   3890 |   1662 |   5 | 3217.6 |
        Shoals |   7379 |   7005 |    374 |   1991 |    995 |   4 | 1844.8 |
     Snake Pit |   8616 |   7818 |    798 |   2118 |   1610 |   4 | 2154.0 |
    Slime Pits |   3145 |   2788 |    357 |   1174 |     95 |   5 |  629.0 |
  Orcish Mines |   2314 |   1947 |    367 |    395 |    625 |   2 | 1157.0 |
   Elven Halls |   7597 |   6905 |    692 |   2601 |   1086 |   3 | 2532.3 |
        Vaults |  14880 |  13210 |   1670 |   3980 |   3669 |   5 | 2976.0 |
        Depths |   9527 |   8925 |    602 |   4091 |    962 |   4 | 2381.8 |
           Zot |   9819 |   9233 |    586 |   3578 |   2008 |   5 | 1963.8 |
        Bazaar |    189 |    189 |      0 |      0 |    123 |   1 |  189.0 |
         Trove |     48 |     48 |      0 |      0 |      0 |   1 |   48.0 |
      Ice Cave |   1385 |   1385 |      0 |    545 |      0 |   1 | 1385.0 |
        Wizlab |   1237 |   1237 |      0 |    616 |     34 |   1 | 1237.0 |
    Desolation |   2211 |   2211 |      0 |    463 |    487 |   1 | 2211.0 |
      Gauntlet |    726 |    726 |      0 |    132 |      0 |   1 |  726.0 |
               +--------+--------+--------+--------+--------+-----+--------+

Top non-repeatable levels by time:
    D:10: 5871 daAuts
Vaults:5: 4760 daAuts
  Lair:3: 4585 daAuts
   Elf:3: 3846 daAuts
  Lair:1: 3593 daAuts
     D:5: 3195 daAuts
Depths:4: 3182 daAuts
Vaults:2: 3141 daAuts
 Snake:4: 2952 daAuts
Depths:3: 2848 daAuts
  Lair:2: 2825 daAuts
  Lair:4: 2780 daAuts
   Zot:5: 2704 daAuts
 Snake:2: 2694 daAuts
Vaults:3: 2654 daAuts
